 Dungeon Crawl Stone Soup version 0.23.2-1-ga50397a (webtiles) character file.

Game seed: 18041116702493329081

30515 Fang the Fighter (level 13, -5/87 HPs)
             Began as a Gargoyle Berserker on Apr 23, 2019.
             Was an Elder of Trog.
             Slain by Fang's ghost (16 damage)
             ... on level 3 of the Lair of Beasts.
             The game lasted 00:19:42 (13747 turns).

Fang the Fighter (Gargoyle Berserker)              Turns: 13747, Time: 00:19:42

Health: -5/87      AC: 30    Str: 26    XL:     13   Next: 52%
Magic:  13/13      EV: 11    Int: 13    God:    Trog [****..]
Gold:   1147       SH:  0    Dex:  9    Spells: 12/12 levels left

rFire    + . .     SeeInvis .   g - +8 executioner's axe (flame)
rCold    . . .     Gourm    .   (shield currently unavailable)
rNeg     + + .     Faith    .   b - +3 plate armour
rPois    ∞         Spirit   .   B - +1 helmet of Parlour Games {rN+ MR+ Int+3}
rElec    +         Reflect  .   (no cloak)
rCorr    .         Harm     .   (no gloves)
MR       +++..                  (no boots)
Stlth    ..........             u - amulet of the acrobat
HPRegen  1.24/turn              v - +2 ring of intelligence
MPRegen  0.13/turn              A - ring of protection from fire

@: berserk cooldown, regenerating, slowed, very slow
A: negative energy resistance 1, electricity resistance, unbreathing,
petrification resistance, rot immunity, AC +9
a: Berserk, Trog's Hand, Brothers in Arms, Renounce Religion


You were on level 3 of the Lair of Beasts.
You worshipped Trog.
Trog was greatly pleased with you.
You were not hungry.

You visited 3 branches of the dungeon, and saw 17 of its levels.

You collected 1147 gold pieces.

Inventory:

Hand Weapons
 g - a +8 executioner's axe of flaming (weapon)
 r - a +2 war axe of chopping
 t - a +6 war axe of flaming
Armour
 b - a +3 plate armour (worn)
 B - the +1 helmet of Parlour Games (worn) {rN+ MR+ Int+3}
   (You found it on level 9 of the Dungeon)

   It affects your intelligence (+3).
   It protects you from negative energy.
   It affects your resistance to hostile enchantments.
Jewellery
 u - an amulet of the acrobat (around neck)
 v - a +2 ring of intelligence (left hand)
 A - a ring of protection from fire (right hand)
Wands
 a - a wand of clouds (4)
 d - a wand of paralysis (4)
 i - a wand of polymorph (13)
 m - a wand of digging (9)
 q - a wand of random effects (12)
 C - a wand of flame (10)
 D - a wand of disintegration (20)
 G - a wand of acid (6)
Scrolls
 h - 8 scrolls of remove curse
 k - 10 scrolls of teleportation
 y - 2 scrolls of magic mapping
Potions
 e - 5 potions of mutation
 f - 10 potions of curing
 j - 2 potions of cancellation
 l - 2 potions of resistance
 n - 3 potions of flight
 o - 2 potions of invisibility
 p - a potion of brilliance
 s - a potion of agility
 w - 2 potions of haste
 z - 2 potions of heal wounds
 E - 2 potions of berserk rage
 F - 2 potions of magic
Comestibles
 c - 52 rations


   Skills:
 + Level 12.6 Fighting
 + Level 10.8 Axes
 + Level 12.4 Armour
 + Level 9.8 Dodging


You had 12 spell levels left.
You didn't know any spells.
Your spell library was empty.

Dungeon Overview and Level Annotations

Branches:
Dungeon (13/15)            Temple (1/1) D:7            Lair (3/6) D:11
  Swamp (0/4) Lair:2          Orc (0/2) D:10
  Snake: Lair:2-4    Spider: Lair:2-4    Vaults: D:13-14

Altars:
Ashenzari
Dithmenos
Gozag
Hepliaklqana
Kikubaaqudgha
Nemelex Xobeh
Okawaru
Trog
Vehumet
Wu Jian
Xom
Zin

Annotations:
D:4 1 runed translucent door
D:5 2 runed translucent doors
Lair:3 Fang's ghost, journeyman GrBe


Innate Abilities, Weirdness & Mutations

You are resistant to torment.
Your stone body is resilient. (AC +9)
You are immune to poison.
You resist negative energy. (rN+)
You are resistant to electric shocks. (rElec)
You can survive without breathing.
You are immune to petrification.
You are immune to rotting.


Message History

Fang's ghost is almost destroyed.
Fang's ghost closely misses you.
You hit Fang's ghost. You burn Fang's ghost.
Fang's ghost is almost destroyed.
You are no longer berserk.
You are exhausted.
You feel yourself slow down. Fang's ghost closely misses you.
Your plate armour prevents you from hitting Fang's ghost.
Fang's ghost is almost destroyed.
The blink frog hits you but does no damage.
Fang's ghost hits you.
* * * LOW HITPOINT WARNING * * *
The blink frog blinks!
Fang's ghost hits you but does no damage.
Your skin crawls.
You feel resistant to hostile enchantments.
You feel somewhat more hungry.
The blink frog blinks!
Fang's ghost hits you.
* * * LOW HITPOINT WARNING * * *
Fang's ghost hits you!
You die...

####P......#..#l#lH#............#
##.##......##..?..##.#..........#
...........#.#...# #.##=.......##
.......<...#...#.###.####.....##
..P#.......###...#.#.# ####..##
#####...##.#.#..##.#.# #....# ##
#......#.......#.# ###..### P#
#...##.###'†W###.#####.#..#.# ##
#...##.....(@§....#.#.##..#.# #
##....#.P#................... #
#.....###..##...§........... ##
###....##.###.#............#
.######......### #####.#...#####.
.##.#.........## #.#...## ##
...##...###....## ####..##
..####.## #....P## ###...## ###
..###### #.#....#####.#....###.#


You could see Fang's ghost.

Vanquished Creatures
  A minotaur (Lair:3)
  Snorg (D:11)
  Harold (D:8)
  Erica (D:8)
  2 hydras
  2 centaur warriors (D:13)
  5 death yaks (Lair:3)
  Nergalle (D:10)
  Sonja (D:11)
  Pikel (D:8)
  A deep elf mage (D:11)
  An ugly thing (D:12)
  3 spiny frogs
  A rime drake (Lair:3)
  7 komodo dragons
  2 queen bees
  A troll (D:8)
  3 slime creatures (D:11)
  A bog body (Lair:2)
  7 hippogriffs
  2 wraiths
  Eustachio (D:4)
  12 yaks
  3 wyverns
  2 hungry ghosts
  2 basilisks
  9 humans (D:10)
  2 chaos spawn (D:11)
  2 wargs (D:11)
  8 water moccasins
  6 porcupines
  4 orc warriors
  2 phantoms
  An ice beast (D:5)
  4 sky beasts
  2 eyes of draining
  4 ogres
  3 centaurs
  A big kobold (D:7)
  3 crocodiles
  7 bullfrogs
  A wyvern zombie (D:10)
  A water moccasin zombie (D:6)
  A wyvern skeleton (D:10)
  A scorpion (D:6)
  A water moccasin skeleton (D:10)
  2 jellies (D:9)
  43 killer bees
  3 howler monkeys
  9 crimson imps
  A quasit (D:8)
  3 centaur skeletons
  4 orc priests
  8 hounds
  Terence (D:2)
  7 orc wizards
  4 bullfrog skeletons
  13 iguanas
  Ijyb (D:10)
  9 worker ants
  2 hell rats (Lair:3)
  10 gnolls
  16 adders
  12 river rats (Lair:3)
  A shadow imp (D:6)
  An ooze (D:3)
  An adder skeleton (D:5)
  An adder zombie (D:5)
  2 worms
  3 dart slugs
  5 leopard geckos
  34 orcs
  13 bats
  7 giant cockroaches
  7 goblins
  2 hobgoblins
  6 jackals
  5 quokkas
  5 ball pythons
  5 frilled lizards
  9 kobolds
  2 leopard gecko skeletons (D:5)
  A quokka skeleton (D:7)
  12 rats
  A fungus (Lair:2)
399 creatures vanquished.

Vanquished Creatures (collateral kills)
  A centaur warrior (D:7)
  The ghost of belegose the Skirmisher, a novice DsCj of Makhleb (D:7)
  An ice beast (D:7)
  A jackal (D:7)
4 creatures vanquished.

Grand Total: 403 creatures vanquished

Notes
Turn   | Place    | Note
-------+----------+-------------------------------------------
     0 | D:1      | Fang the Gargoyle Berserker began the quest for the Orb.
     0 | D:1      | Reached XP level 1. HP: 14/14 MP: 1/1
   245 | D:1      | Reached XP level 2. HP: 18/19 MP: 2/2
   890 | D:2      | Noticed Terence
   900 | D:2      | Killed Terence
   900 | D:2      | Reached XP level 3. HP: 10/24 MP: 3/3
  1262 | D:2      | Reached ** piety under Trog
  1262 | D:2      | Reached XP level 4. HP: 28/29 MP: 4/4
  1357 | D:2      | Found a sparkling altar of Nemelex Xobeh.
  1802 | D:3      | Reached XP level 5. HP: 32/33 MP: 5/5
  1995 | D:3      | Found a radiant altar of Vehumet.
  2419 | D:3      | Reached *** piety under Trog
  2663 | D:3      | Noticed an ogre
  2672 | D:3      | Killed an ogre
  2672 | D:3      | Reached XP level 6. HP: 11/39 MP: 6/6
  2899 | D:4      | Noticed Eustachio
  2946 | D:4      | Killed Eustachio
  2946 | D:4      | Reached skill level 5 in Fighting
  2972 | D:4      | Found a runed translucent door.
  2972 | D:4      | Found a glowing silver altar of Zin.
  2972 | D:4      | Noticed an angel
  3012 | D:4      | Reached XP level 7. HP: 42/44 MP: 7/7
  3483 | D:4      | Found a shattered altar of Ashenzari.
  3483 | D:4      | Found an opulent altar of Gozag.
  3621 | D:5      | Entered Level 5 of the Dungeon
  3643 | D:5      | Reached skill level 5 in Armour
  3901 | D:5      | Found a large runed translucent door.
  3902 | D:5      | Found a large runed translucent door.
  3911 | D:5      | Found a large runed translucent door.
  3911 | D:5      | Found a large runed translucent door.
  3912 | D:5      | Found the +4 dagger "Morg" {pain, MR+ Int+5}
  3936 | D:5      | Reached XP level 8. HP: 49/51 MP: 8/8
  4139 | D:5      | Reached skill level 5 in Axes
  4161 | D:5      | Got a wavering ruby amulet
  4201 | D:5      | Identified the amulet "Licoecka" {Inacc MP+9} (You found it
                  | on level 5 of the Dungeon)
  4415 | D:5      | Found a hazy altar of Hepliaklqana.
  4470 | D:5      | Reached **** piety under Trog
  4526 | D:5      | Noticed a yak
  4533 | D:5      | Killed a yak
  5162 | D:6      | Reached XP level 9. HP: 56/56 MP: 9/9
  5250 | D:6      | Reached skill level 5 in Dodging
  5811 | D:7      | Found a shadowy altar of Dithmenos.
  5916 | D:7      | Found a runed translucent gate.
  5917 | D:7      | Found a runed translucent gate.
  5919 | D:7      | Found a runed translucent gate.
  5924 | D:7      | Noticed belegose's ghost (novice DsCj)
  5927 | D:7      | Found an opulent altar of Gozag.
  5927 | D:7      | Noticed a centaur warrior
  6216 | D:7      | Found a staircase to the Ecumenical Temple.
  6237 | Temple   | Entered the Ecumenical Temple
  6476 | D:7      | Killed belegose's ghost
  6478 | D:7      | Killed a centaur warrior
  6478 | D:7      | Reached XP level 10. HP: 64/64 MP: 10/10
  6777 | D:8      | Noticed Harold
  6804 | D:8      | Killed Harold
  6807 | D:8      | Noticed Erica
  6828 | D:8      | Killed Erica
  7018 | D:8      | Noticed Pikel
  7034 | D:8      | Killed Pikel
  7086 | D:8      | Reached ***** piety under Trog
  7406 | D:9      | Reached XP level 11. HP: 63/71 MP: 11/11
  7745 | D:9      | Got a spiked helmet
  7751 | D:9      | Identified the +1 helmet of Parlour Games {rN+ MR+ Int+3}
                  | (You found it on level 9 of the Dungeon)
  8064 | D:10     | Entered Level 10 of the Dungeon
  8236 | D:10     | Noticed Ijyb
  8245 | D:10     | Killed Ijyb
  8269 | D:10     | Reached skill level 10 in Fighting
  8326 | D:10     | Received a gift from Trog
  8338 | D:10     | Reached skill level 10 in Armour
  8379 | D:10     | Found a large runed translucent door.
  8379 | D:10     | Found a large runed translucent door.
  8413 | D:10     | Found a runed translucent door.
  8604 | D:10     | Found a large runed translucent door.
  8604 | D:10     | Found a large runed translucent door.
  8621 | D:10     | Found a staircase to the Orcish Mines.
  8628 | D:10     | Noticed Nergalle
  8654 | D:10     | Noticed a spectral orc warlord
  8685 | D:10     | Killed Nergalle
  9096 | D:10     | Found a runed translucent door.
  9138 | D:11     | Noticed a deep elf mage
  9149 | D:11     | Killed a deep elf mage
  9151 | D:11     | Noticed Sonja
  9155 | D:11     | Received a gift from Trog
  9351 | D:11     | Found a staircase to the Lair.
  9354 | D:11     | Identified the +5 dagger of the Traitor {holy, rElec rF++
                  | Stlth+}
  9567 | D:11     | You fall through a shaft for 2 floors!
  9582 | D:13     | Reached XP level 12. HP: 48/79 MP: 12/12
 10001 | D:13     | Noticed a centaur warrior
 10001 | D:13     | Noticed a centaur warrior
 10007 | D:13     | Killed a centaur warrior
 10012 | D:13     | Killed a centaur warrior
 10263 | D:11     | Killed Sonja
 10275 | D:11     | Found a shimmering altar of Xom.
 10276 | D:11     | Found the +7 mace of Variability {chain chaos}
 10295 | D:11     | Identified a scroll of acquirement
 10442 | D:11     | Noticed Snorg
 10451 | D:11     | Killed Snorg
 10941 | Lair:1   | Entered Level 1 of the Lair of Beasts
 10941 | Lair:1   | Found a dark tunnel.
 11135 | Lair:1   | Reached skill level 10 in Axes
 11345 | Lair:1   | Noticed a seven-headed hydra
 11352 | Lair:1   | Killed a four-headed hydra
 11900 | Lair:2   | Found a staircase to the Swamp.
 12218 | Lair:2   | Reached XP level 13. HP: 82/86 MP: 13/13
 12264 | Lair:2   | You fall through a shaft!
 12264 | Lair:3   | Found a runed translucent gate.
 12266 | Lair:3   | Found a runed translucent gate.
 12271 | Lair:3   | Found a runed translucent gate.
 12507 | Lair:3   | Noticed a minotaur
 12859 | Lair:3   | Noticed Fang's ghost (journeyman GrBe)
 13741 | Lair:3   | Killed a minotaur
 13747 | Lair:3   | Slain by Fang's ghost

Skill      XL: |  1  2  3  4  5  6  7  8  9 10 11 12 13 |
---------------+----------------------------------------+-----
Axes           | 3 4 5 6 8 9 10 | 10.8
Dodging        | 2 3 4 6 7 8 9 |  9.8
Armour         | 3 4 5 6 8 9 10 11 12 | 12.4
Fighting       | 4 5 6 8 9 10 12 | 12.6

Action                   |  1- 3 |  4- 6 |  7- 9 | 10-12 | 13-15 || total
-------------------------+-------+-------+-------+-------+-------++-------
Melee: Hand axe          |    75 |    56 |       |       |       ||   131
       War axe           |       |   167 |   388 |   520 |       ||  1075
       Executioner's axe |       |       |       |   191 |    98 ||   289
Invok: Berserk           |     1 |     1 |     1 |     3 |     3 ||     9
       Brothers in Arms  |       |       |     1 |       |     1 ||     2
       Trog's Hand       |       |       |       |     1 |     2 ||     3
  Use: Scroll            |       |       |     9 |    19 |     1 ||    29
 Stab: Sleeping          |     1 |       |       |       |       ||     1
  Eat: Chunk             |     2 |     7 |    14 |    19 |     4 ||    46
       Ration            |       |       |       |     2 |     1 ||     3
Armor: Animal skin       |    17 |       |       |       |       ||    17
       Chain mail        |    13 |    41 |       |       |       ||    54
       Plate armour      |       |   170 |   296 |   679 |   193 ||  1338
Dodge: Dodged            |    44 |   116 |   193 |   499 |   197 ||  1049
